 Dungeon Crawl Stone Soup version 0.26.1-2-gb8aa6d0cf2 (webtiles) character file.

Game seed: 13483043717363162641

116327 Phaedo the Nimble (level 16, 0/108 HPs)
             Began as an Octopode Delver on Mar 29, 2021.
             Was a High Priest of Sif Muna.
             Splashed by a goliath frog's acid (6 damage)
             ... on level 3 of the Swamp.
             The game lasted 02:06:58 (50847 turns).

Phaedo the Nimble (Octopode Delver)                Turns: 50847, Time: 02:06:59

Health: 0/108      AC:  1    Str: 14    XL:     16   Next: 71%
Magic:  12/22      EV: 23    Int: 33    God:    Sif Muna [*****.]
Gold:   2248       SH:  6    Dex: 15    Spells: 4/23 levels left

rFire    + . .     SeeInvis .   N - +4 spear (venom)
rCold    . . .     Faith    .   w - +1 buckler
rNeg     . . .     Spirit   .   (helmet restricted)
rPois    .         Reflect  .   T - amulet of magic regeneration
rElec    .         Harm     .   x - +6 ring of intelligence
rCorr    .         Rampage  .   (no ring)
Will     +....                  B - ring of wizardry
Stlth    ++++++....             z - ring of protection from fire
HPRegen  0.28/turn              D - +6 ring of intelligence
MPRegen  0.43/turn              F - ring of wizardry
                                L - +6 ring of intelligence
                                U - +4 ring of protection

@: corroded, very slightly contaminated
A: almost no armour, stealthy swim, amphibious, 8 rings, constrict 8, camouflage
1, agile 1, dopey 1, screaming 1, gelatinous body 1
a: Renounce Religion, Channel Magic, Forget Spell, Divine Exegesis


You were on level 3 of the Swamp.
You worshipped Sif Muna.
Sif Muna was extremely pleased with you.
You visited 4 branches of the dungeon, and saw 26 of its levels.

You collected 2473 gold pieces.
You spent 225 gold pieces at shops.

Inventory:

Hand Weapons
 b - a +0 hunting sling
 e - a +1 halberd of freezing
 s - a +0 trident of venom
 N - a +4 spear of venom (weapon)
 V - a +0 hand crossbow
Missiles
 k - 615 stones (quivered)
 t - 171 sling bullets
 P - 7 boomerangs of dispersal
 S - 6 javelins
Armour
 w - a +1 buckler (worn)
Jewellery
 a - an uncursed ring of protection from fire
 d - an uncursed ring of ice
 l - a +6 ring of dexterity
 x - a +6 ring of intelligence (left tentacle)
 z - a ring of protection from fire (on tentacle)
 B - a ring of wizardry (on tentacle)
 D - a +6 ring of intelligence (on tentacle)
 F - a ring of wizardry (on tentacle)
 L - a +6 ring of intelligence (on tentacle)
 T - an amulet of magic regeneration (around mantle)
 U - a +4 ring of protection (on tentacle)
Wands
 f - a wand of digging (6)
 y - a wand of polymorph (15)
 O - a wand of flame (48)
 Q - a wand of disintegration (33)
 Y - a wand of iceblast (5)
Scrolls
 c - 11 scrolls of magic mapping
 j - 6 scrolls of teleportation
 m - 4 scrolls of identify
 p - 11 scrolls of remove curse
 u - 5 scrolls of fog
 C - 2 scrolls of brand weapon
 E - 6 scrolls of fear
 G - 3 scrolls of summoning
 M - 4 scrolls of enchant weapon
 R - a scroll of blinking
Potions
 g - a potion of haste
 i - 4 potions of curing
 n - a potion of brilliance
 o - a potion of cancellation
 q - 3 potions of flight
 v - a potion of ambrosia
 H - 4 potions of heal wounds
 I - 2 potions of attraction
 J - a potion of resistance
 K - a potion of lignification
 W - a potion of invisibility
 Z - 3 potions of might
Miscellaneous
 r - a box of beasts
 A - a phial of floods
 X - a condenser vane


   Skills:
 + Level 9.7 Fighting
 + Level 11.6 Polearms
 * Level 14.1 Dodging
 - Level 12.0 Stealth
 - Level 4.0 Shields
 + Level 4.3 Spellcasting
 + Level 10.9 Conjurations
 + Level 11.8 Transmutations
 - Level 6.1 Fire Magic
 * Level 5.8 Earth Magic
 + Level 8.2 Invocations


You had 4 spell levels left.
You knew the following spells:

 Your Spells              Type           Power        Failure   Level
a - Foxfire               Conj/Fire      100%         1%          1
b - Orb of Destruction    Conj           34%          13%         7
c - Irradiate             Conj/Tmut      35%          1%          5
d - Statue Form           Tmut/Erth      40%          6%          6

Your spell library contained the following spells:

 Spells                   Type           Power        Failure   Level
 Animate Skeleton         Necr           14%          1%          1
 Corona                   Hex            7%           1%          1
 Freeze                   Ice            28%          1%          1
 Magic Dart               Conj           100%         1%          1
 Sandblast                Erth           90%          1%          1
 Shock                    Conj/Air       100%         1%          1
 Sting                    Tmut/Pois      100%         1%          1
 Summon Small Mammal      Summ           28%          1%          1
 Searing Ray              Conj           100%         1%          2
 Dazzling Flash           Conj/Hex       86%          1%          3
 Ignite Poison            Fire/Tmut/Pois 46%          1%          3
 Inner Flame              Hex/Fire       27%          1%          3
 Mephitic Cloud           Conj/Pois/Air  31%          1%          3
 Static Discharge         Conj/Air       43%          1%          3
 Stone Arrow              Conj/Erth      100%         1%          3
 Fulminant Prism          Conj/Hex       21%          1%          4
 Hailstorm                Conj/Ice       43%          1%          4
 Iskenderun's Mystic Bla  Conj/Tloc      43%          1%          4
 Ensorcelled Hibernation  Hex/Ice        14%          2%          2
 Poisonous Vapours        Pois/Air       14%          2%          2
 Slow                     Hex            7%           2%          2
 Sublimation of Blood     Necr           3%           2%          2
 Swiftness                Air            7%           2%          2
 Confusing Touch          Hex            7%           4%          3
 Frozen Ramparts          Ice            14%          4%          3
 Ozocubu's Armour         Ice            7%           4%          3
 Summon Guardian Golem    Hex/Summ       7%           4%          3
 Tukima's Dance           Hex            7%           4%          3
 Leda's Liquefaction      Hex/Erth       13%          4%          4
 Airstrike                Air            3%           13%         4
 Animate Dead             Necr           3%           13%         4
 Olgreb's Toxic Radiance  Pois           7%           13%         4
 Summon Ice Beast         Ice/Summ       7%           13%         4
 Summon Lightning Spire   Summ/Air       7%           13%         4
 Fireball                 Conj/Fire      29%          1%          5
 Iskenderun's Battlesphe  Conj           68%          1%          5
 Hydra Form               Tmut           35%          1%          6
 Alistair's Intoxication  Tmut/Pois      30%          3%          5
 Yara's Violent Unravell  Hex/Tmut       23%          3%          5
 Lightning Bolt           Conj/Air       21%          4%          5
 Dragon Form              Tmut           35%          10%         7
 Eringya's Noxious Bog    Tmut/Pois      23%          17%         6
 Conjure Ball Lightning   Conj/Air       21%          21%         6
 Excruciating Wounds      Necr           3%           32%         5
 Silence                  Hex/Air        3%           32%         5
 Summon Demon             Summ           3%           32%         5
 Spellforged Servitor     Conj/Summ      21%          71%         7
 Invisibility             Hex            7%           86%         6
 Necromutation            Tmut/Necr      23%          99%         8
 Haunt                    Necr/Summ      3%           100%        7
 Monstrous Menagerie      Summ           3%           100%        7
 Death's Door             Necr           3%           100%        9
 Tornado                  Air            3%           100%        9


Dungeon Overview and Level Annotations

Branches:
Dungeon (15/15)            Temple (0/1) D:5            Lair (6/6) D:11
  Swamp (3/4) Lair:4       Spider (0/4) Lair:3        Slime (0/5) Lair:6
    Orc (2/2) D:12            Elf (0/3) Orc:2        Vaults (0/5) D:14
 Depths (0/5) D:15

Altars:
Cheibriados
Gozag
Sif Muna
Trog
Wu Jian
Xom
Yredelemnul
Beogh

Shops:
D:7 =   Orc:1 =[([   Orc:2 *:(**:(

Annotations:
D:2 Terence
D:7 1 runed translucent door, Crazy Yiuf
D:15 1 runed translucent door, TuffENuff's ghost, journeyman FoFi
Lair:5 1 runed translucent door, Ruewk's ghost, journeyman CeAM
Swamp:1 2 runed translucent doors, vesperbot's ghost, journeyman TrHu
Swamp:2 Ypsiuj's ghost, adept GnSk


Innate Abilities, Weirdness & Mutations

You cannot wear most types of armour.
You are very stealthy in the water. (Stealth+)
You are amphibious.
You can wear up to eight rings at the same time.
You can use your tentacles to constrict eight enemies at once.
Your skin changes colour to match your surroundings (Stealth+).
Your rubbery body absorbs attacks. (AC +1, EV +1)
You are agile. (Dex +2)
You are dopey. (Int -2)
You occasionally shout uncontrollably at your foes.


Message History

Sif Muna accepts your kill.
You see here a book of Unlife.
Sif Muna grants you a gift!
The tyrant leech is blasted with magical radiation!!
The tyrant leech is almost dead.
The tyrant leech twists and deforms.
The alligator is blasted with magical radiation!
The alligator is moderately wounded.
The alligator twists and deforms.
The seven-headed hydra is blasted with magical radiation!!!
You kill the seven-headed hydra!
Sif Muna accepts your kill. The alligator bites you!
* * * LOW HITPOINT WARNING * * *
The alligator tail-slaps you.
* * * LOW HITPOINT WARNING * * *
The goliath frog hits you from afar.
* * * LOW HITPOINT WARNING * * *
You are splashed with acid.
You die...

♣♣♣♣♣♣♣♣♣♣♣♣
♣♣♣♣♣.....≈§.≈..
♣≈.≈..R≈<.≈≈..≈.
≈.§..≈†@/.≈.....
.≈≈≈≈≈wt.≈..≈♣♣♣
.≈≈≈♣F≈≈≈≈≈.≈♣
♣≈.≈..≈≈≈§....≈
....≈≈..≈.≈...≈≈
≈≈≈≈≈≈≈≈≈[§...♣.
≈≈≈≈..≈≈.......
≈...♣♣♣♣♣♣....≈


You could see an eleionoma (misshapen), an alligator (swift, misshapen), a
tyrant leech (misshapen) and a goliath frog.

Vanquished Creatures
  Kirke (D:15)
  2 bunyips (Swamp:2)
  A dire elephant (D:15)
  2 eleionomae
  Snorg (Lair:6)
  2 boulder beetles
  Harold (D:11)
  2 centaur warriors (D:15)
  A catoblepas (Lair:4)
  13 hydras
  5 two-headed ogres
  3 death yaks (Lair:1)
  10 alligators
  2 orc high priests (Orc:2)
  Urug (D:11)
  9 skeletal warriors
  3 spriggan druids
  An unseen horror (D:13)
  A goliath frog (Swamp:1)
  4 swamp dragons
  3 bog bodies
  2 orc knights
  A necromancer (D:14)
  A wolf spider (D:15)
  A cyclops (D:14)
  6 orc sorcerers (Orc:2)
  An oklob plant (Lair:3)
  3 will-o-the-wisps (Swamp:1)
  18 ugly things
  A wolf spider zombie (D:15)
  A manticore (D:15)
  5 elephants (Lair:6)
  7 black mambas
  A centaur zombie (D:11)
  Maggie (D:7)
  13 cane toads
  4 gargoyles
  A kobold demonologist (D:11)
  8 komodo dragons
  4 rime drakes
  A freezing wraith (D:14)
  5 polar bears
  6 tyrant leeches
  A bloated husk (Swamp:1)
  Prince Ribbit (D:7)
  9 trolls
  8 hornets
  15 blink frogs
  2 dream sheep (Lair:6)
  17 spriggans
  75 yaks
  A shadow (D:9)
  A vampire (D:10)
  9 wyverns
  2 basilisks
  12 vampire mosquitoes
  10 swamp worms
  2 wargs
  A soldier ant (D:14)
  16 water moccasins
  A swamp drake (Swamp:1)
  2 sky beasts
  26 orc warriors
  10 ogres
  A necrophage (D:8)
  4 phantoms
  3 eyes of draining
  6 ice beasts
  5 black bears
  5 boggarts (Lair:6)
  34 wolves
  14 centaurs
  3 big kobolds
  20 bullfrogs
  A wyvern skeleton (D:14)
  6 scorpions
  8 killer bees
  13 wights
  An electric eel (Lair:2)
  2 bullfrog zombies
  6 jellies
  A gnoll shaman (D:4)
  28 orc priests
  8 hounds
  4 bullfrog skeletons
  4 centaur skeletons
  An iron imp (D:7)
  53 orc wizards
  5 iguanas
  7 worker ants
  10 hell rats (Lair:3)
  A hound zombie (D:8)
  A hound skeleton (D:11)
  2 worker ant zombies
  12 gnolls
  A howler monkey skeleton (D:7)
  9 adders
  3 shadow imps
  3 white imps
  2 ufetubi
  2 oozes (D:3)
  An adder zombie (D:3)
  6 worms
  3 dart slugs
  4 leopard geckos
  124 orcs
  5 giant cockroaches
  7 hobgoblins
  19 jackals
  7 quokkas
  A ball python (D:3)
  16 bats
  8 frilled lizards
  A giant cockroach zombie (D:5)
  7 goblins
  A jackal skeleton (D:8)
  A jackal zombie (D:3)
  18 kobolds
  2 leopard gecko skeletons
  A quokka skeleton (D:8)
  9 rats
910 creatures vanquished.

Vanquished Creatures (collateral kills)
  A foxfire (D:8)
1 creature vanquished.

Vanquished Creatures (others)
  6 humans (D:15)
  An orc wizard (Orc:2)
  An orc (Orc:2)
  1135 foxfires
  31 fungi
  65 plants
1239 creatures vanquished.

Grand Total: 2150 creatures vanquished

Notes
Turn   | Place    | Note
-------+----------+-------------------------------------------
     0 | D:5      | Phaedo the Octopode Delver began the quest for the Orb.
     0 | D:5      | Reached XP level 1. HP: 16/16 MP: 1/1
    43 | D:4      | Noticed a phantom
   110 | D:4      | Noticed an orc warrior
   173 | D:4      | Noticed a hound
   236 | D:3      | Reached XP level 2. HP: 19/21 MP: 2/2
   630 | D:2      | Noticed Terence
  1125 | D:1      | Reached XP level 3. HP: 21/26 MP: 3/3
  2148 | D:1      | Reached XP level 4. HP: 25/31 MP: 4/4
  2372 | D:2      | Reached skill level 3 in Dodging
  3075 | D:2      | Reached XP level 5. HP: 11/36 MP: 5/5
  3541 | D:2      | Found a shimmering altar of Xom.
  3553 | D:2      | Found an ornate altar of the Wu Jian Council.
  4943 | D:3      | Reached XP level 6. HP: 31/42 MP: 6/6
  5185 | D:4      | Found a shimmering blue altar of Sif Muna.
  5189 | D:4      | Reached skill level 4 in Dodging
  5194 | D:4      | Identified Sif Muna's Reference Book on Conjuration
  5198 | D:4      | Learned a level 1 spell: Foxfire
  5199 | D:4      | Became a worshipper of Sif Muna the Loreminder
  5202 | D:4      | Learned a level 1 spell: Shock
  5215 | D:4      | Found a bloodstained altar of Trog.
  6095 | D:4      | Reached skill level 1 in Conjurations
  6548 | D:5      | Reached skill level 1 in Fire Magic
  6548 | D:5      | Reached XP level 7. HP: 46/46 MP: 8/8
  6588 | D:5      | Found an opulent altar of Gozag.
  6607 | D:5      | Reached skill level 1 in Spellcasting
  7684 | D:5      | Found a staircase to the Ecumenical Temple.
  8119 | D:5      | Reached XP level 8. HP: 51/52 MP: 9/9
  8432 | D:5      | Reached skill level 5 in Dodging
  8642 | D:5      | Reached skill level 5 in Polearms
 10608 | D:6      | Reached * piety under Sif Muna
 10624 | D:6      | Reached skill level 10 in Stealth
 10668 | D:6      | Reached XP level 9. HP: 56/56 MP: 1/10
 11488 | D:6      | Reached skill level 1 in Shields
 12795 | D:6      | Reached skill level 6 in Dodging
 13225 | D:7      | Noticed Maggie
 14151 | D:7      | Killed Maggie
 14226 | D:7      | Noticed Prince Ribbit
 14286 | D:7      | Killed Prince Ribbit
 14517 | D:7      | Found Ruxkiucw's Jewellery Shoppe.
 14680 | D:7      | Found a snail-covered altar of Cheibriados.
 14915 | D:7      | Reached skill level 5 in Conjurations
 14915 | D:7      | Reached XP level 10. HP: 37/63 MP: 5/11
 15122 | D:7      | Found a runed translucent door.
 15123 | D:7      | Noticed Crazy Yiuf
 15364 | D:8      | Reached skill level 5 in Fire Magic
 15541 | D:8      | Reached ** piety under Sif Muna
 15993 | D:8      | Reached skill level 7 in Dodging
 19238 | D:9      | Noticed a two-headed ogre
 19337 | D:9      | Killed a two-headed ogre
 19569 | D:9      | Learned a level 5 spell: Irradiate
 19611 | D:10     | Entered Level 10 of the Dungeon
 19724 | D:10     | Reached *** piety under Sif Muna
 19816 | D:8      | Reached skill level 1 in Transmutations
 19816 | D:8      | Reached XP level 11. HP: 34/67 MP: 2/12
 21220 | D:9      | Reached skill level 8 in Dodging
 22707 | D:10     | Identified Sif Muna's Papyrus of Fetching Intoxication
 22857 | D:10     | Found a basalt altar of Yredelemnul.
 23392 | D:10     | HP: 3/70 [something (3)]
 23831 | D:11     | Reached **** piety under Sif Muna
 23911 | D:11     | Noticed Urug
 23915 | D:11     | Killed Urug
 24358 | D:11     | Noticed Harold
 24371 | D:11     | Killed Harold
 24372 | D:11     | Reached skill level 5 in Fighting
 24783 | D:11     | Noticed a two-headed ogre
 24790 | D:11     | Killed a two-headed ogre
 24791 | D:11     | Reached skill level 9 in Dodging
 24791 | D:11     | Reached skill level 5 in Transmutations
 24791 | D:11     | Reached XP level 12. HP: 77/77 MP: 5/15
 24960 | D:11     | Found a staircase to the Lair.
 25164 | Lair:1   | Entered Level 1 of the Lair of Beasts
 25525 | D:12     | Found a staircase to the Orcish Mines.
 26492 | Lair:1   | Reached ***** piety under Sif Muna
 26494 | Lair:1   | Reached skill level 10 in Dodging
 27082 | Lair:2   | Noticed a death yak
 27086 | Lair:2   | Noticed a death yak
 27086 | Lair:2   | Noticed a death yak
 27114 | Lair:1   | Killed a death yak
 27139 | Lair:2   | Noticed a five-headed hydra
 27148 | Lair:2   | Killed a five-headed hydra
 27149 | Lair:2   | Reached skill level 1 in Invocations
 27161 | Lair:1   | Identified Sif Muna's Collected Works on Dark Secrets (Sif
                  | Muna gifted it to you on level 1 of the Lair of Beasts)
 27161 | Lair:1   | Received a gift from Sif Muna
 27452 | Lair:1   | Killed a death yak
 27453 | Lair:1   | Killed a death yak
 27765 | Lair:2   | Reached XP level 13. HP: 84/84 MP: 10/16
 29203 | Lair:3   | Found a hole to the Spider Nest.
 30285 | Lair:3   | Reached skill level 11 in Dodging
 32113 | Lair:4   | Identified Sif Muna's Incunabulum of Harmful Stones (Sif
                  | Muna gifted it to you on level 4 of the Lair of Beasts)
 32113 | Lair:4   | Received a gift from Sif Muna
 32126 | Lair:4   | Gained mutation: You are agile. (Dex +2) [mutagenic glow]
 32137 | Lair:3   | Gained mutation: You occasionally shout uncontrollably at
                  | your foes. [mutagenic glow]
 32861 | Lair:4   | Reached skill level 10 in Polearms
 32861 | Lair:4   | Reached XP level 14. HP: 72/92 MP: 0/17
 33231 | Lair:4   | Found a staircase to the Swamp.
 34337 | Lair:5   | Found a runed translucent door.
 34337 | Lair:5   | Found a shimmering altar of Xom.
 34337 | Lair:5   | Identified the +5 great mace of Huedal {chaos, Int+5 Dex+2}
 34337 | Lair:5   | Noticed Ruewk's ghost (journeyman CeAM)
 35378 | Lair:6   | Entered Level 6 of the Lair of Beasts
 35507 | Lair:6   | Reached skill level 5 in Invocations
 35567 | Lair:6   | Found a staircase to the Slime Pits.
 35642 | Lair:6   | Reached skill level 12 in Dodging
 35952 | Lair:6   | Reached skill level 10 in Transmutations
 36762 | Lair:6   | Noticed Snorg
 36772 | Lair:6   | Killed Snorg
 36772 | Lair:6   | Identified Sif Muna's Catalogue of the Supportive Blaze
                  | (Sif Muna gifted it to you on level 6 of the Lair of
                  | Beasts)
 36772 | Lair:6   | Received a gift from Sif Muna
 38897 | D:12     | Reached XP level 15. HP: 96/100 MP: 13/19
 39112 | D:13     | Reached skill level 10 in Conjurations
 39166 | Orc:1    | Entered Level 1 of the Orcish Mines
 39166 | Orc:1    | Found Vajiext's Jewellery Emporium.
 39250 | Orc:1    | Found Cid Umuo's Antique Armour Shoppe.
 39290 | Orc:1    | Identified Sif Muna's Guide on Bewitching Attacks (Sif Muna
                  | gifted it to you on level 1 of the Orcish Mines)
 39290 | Orc:1    | Received a gift from Sif Muna
 39307 | Orc:1    | Learned a level 7 spell: Orb of Destruction
 39311 | Orc:1    | Found a roughly hewn altar of Beogh.
 39359 | Orc:1    | Found Pijiacet's Weapon Shop.
 39471 | Orc:1    | You fall into a shaft and drop 1 floor!
 39471 | Orc:2    | Entered Level 2 of the Orcish Mines
 39525 | Orc:2    | Gained mutation: You are dopey. (Int -2) [mutagenic glow]
 39548 | Orc:2    | Found a roughly hewn altar of Beogh.
 39551 | Orc:2    | Found Zeyneant's Antique Weapon Boutique.
 39850 | Orc:1    | Found Kienuq's Armour Shoppe.
 40000 | Orc:2    | Found Biahotar's Assorted Antiques.
 40256 | Orc:2    | Reached skill level 13 in Dodging
 40757 | Orc:2    | Found Osimil's Book Emporium.
 40763 | Orc:2    | Found Iroorch's Weapon Shoppe.
 40764 | Orc:2    | Found Fehurim's Book Shoppe.
 40770 | Orc:2    | Found Baeleski's General Store.
 40811 | Orc:2    | Bought a scroll of blinking for 97 gold pieces
 40846 | Orc:2    | Paralysed by an orc sorcerer for 2 turns
 40931 | Orc:2    | Found Qeku's Assorted Antiques.
 40936 | Orc:2    | Bought a scroll labelled LEDUTT FEJAO for 29 gold pieces
 41048 | Orc:2    | Bought a scroll of fear for 77 gold pieces
 41048 | Orc:2    | Bought a scroll labelled QERUOHEGEC for 22 gold pieces
 41089 | Orc:2    | Found a staircase to the Elven Halls.
 41706 | D:13     | Identified Sif Muna's Tome of Combat Magic (Sif Muna gifted
                  | it to you on level 13 of the Dungeon)
 41706 | D:13     | Received a gift from Sif Muna
 42066 | D:13     | Learned a level 6 spell: Statue Form
 43194 | D:14     | Found a gate to the Vaults.
 43202 | D:14     | Reached skill level 1 in Earth Magic
 44031 | D:15     | Entered Level 15 of the Dungeon
 44201 | D:15     | Noticed Kirke
 44211 | D:15     | Killed Kirke
 45466 | D:15     | Found a staircase to the Depths.
 46074 | D:15     | Identified Sif Muna's Papyrus of Shifting Execration (Sif
                  | Muna gifted it to you on level 15 of the Dungeon)
 46074 | D:15     | Received a gift from Sif Muna
 46081 | D:15     | Reached XP level 16. HP: 95/108 MP: 2/21
 46360 | D:15     | Found a runed translucent door.
 46362 | D:15     | Identified the cursed +0 spear "Vodghu" {venom, +Rage rN++}
 46363 | D:15     | Noticed TuffENuff's ghost (journeyman FoFi)
 46414 | D:15     | HP: 1/108 [white ugly thing (18)]
 46992 | Swamp:1  | Entered Level 1 of the Swamp
 47644 | Swamp:1  | Found a large runed translucent door.
 47644 | Swamp:1  | Found a large runed translucent door.
 47649 | Swamp:1  | Noticed vesperbot's ghost (journeyman TrHu)
 47762 | Swamp:1  | HP: 5/108 [alligator (2)]
 48918 | Swamp:1  | Reached skill level 5 in Earth Magic
 49306 | Swamp:2  | Reached skill level 14 in Dodging
 49663 | Swamp:2  | Found a runed translucent gate.
 49664 | Swamp:2  | Found a runed translucent gate.
 49665 | Swamp:2  | Found a runed translucent gate.
 49667 | Swamp:2  | Noticed Ypsiuj's ghost (adept GnSk)
 50847 | Swamp:3  | Received a gift from Sif Muna
 50847 | Swamp:3  | Splashed by a goliath frog's acid

Illustrated notes

Levels and vault maps discovered:
D:1:      minmay_arrival_cross, layout_basic, minmay_nonomino_d4
D:2:      layout_loops_corners, amethyst_overflow_temple_binary, uniq_terence
D:3:      layout_loops_ring, serial_undead, serial_undead_f, serial_undead_b,
          serial_undead_b, serial_undead_b
D:4:      layout_basic, nzn_overflow_gifts_of_might_and_magic,
          grunt_ministairs_13
D:5:      layout_loops_ring, minmay_temple_entry_grid, grunt_gozag_statues
D:6:      layout_loops_corners
D:7:      layout_rooms, serial_shops, shop, chei_slow_surprise,
          uniq_crazy_yiuf_cottage, uniq_prince_ribbit1, uniq_maggie
D:8:      minmay_goldmine, layout_cave_pools
D:9:      layout_rooms, minmay_diamond_spiral
D:10:     layout_rooms, yredelemnul_altar_generic
D:11:     layout_irregular_city, lair_entry_dummy, uniq_harold, uniq_urug
D:12:     layout_roguey, orc_0_dummy
D:13:     layout_cave_pods, serial_co_window_serial, co_window_corner_a,
          co_window_of_opportunity_a, co_window_paths_b, co_window_corner_a,
          co_window_corner_a, co_window_corner_a, co_window_paths_a,
          co_window_of_opportunity_a, co_window_paths_a, co_window_broadway_c,
          co_window_broadway_a, co_window_broadway_b,
          co_window_of_opportunity_c, co_window_corner_b, glass_columns_a,
          glass_columns_a, glass_columns_c, glass_columns_c, glass_columns_b
D:14:     layout_loops_ring, david_vaults_1, minmay_tree_intersection
D:15:     hangedman_depths_entry_try_elsewhere_first, layout_rooms,
          ebering_ghost_funeral_grove, grunt_decor_cap, uniq_kirke
Lair:1:   layout_regular_city, beast_lair_carwin_2
Lair:2:   layout_layer_cave, serial_bayou, serial_bayou_shore_b,
          serial_bayou_shore_b, serial_bayou_lake_a, serial_bayou_shore_b,
          serial_bayou_pond_d
Lair:3:   layout_regular_city, nicolae_spider_entry_non_spiders, st_stairs_3,
          lemuel_fruit_tree, grunt_megastairs_2
Lair:4:   layout_cave_shapes, palyth_hydra_swamp_entry, st_stairs_3
Lair:5:   layout_cave_pods, ebering_ghost_xom, beast_lair_carwin_8,
          grunt_megastairs_1, infiniplex_staircase_pool_2
Lair:6:   minmay_lair_end_enchanted_forest, layout_misc_corridors, slime_dummy,
          uniq_snorg
Swamp:1:  layout_falls_marsh, ebering_ghost_disaster_area,
          evilmike_swamp_ruin_house_5
Swamp:2:  layout_basic_swamp, gammafunk_ghost_split, evilmike_swamp_ruin_house_1
Swamp:3:  gammafunk_worm_tunnel, layout_basic_swamp, nicolae_swamp_fairy_circle,
          swamp_pool2
Orc:1:    layout_caves, basic_altar, serial_shops, nicolae_shop_behind_doors,
          shop, shop, shop
Orc:2:    st_orc_mages, layout_caves, basic_altar, serial_shops,
          nicolae_shop_waterfront, shop, shop

Skill      XL: |  1  2  3  4  5  6  7  8  9 10 11 12 13 14 15 16 |
---------------+-------------------------------------------------+-----
Stealth        | 7 8 9 10 12 | 12.0
Dodging        | 3 4 5 6 7 9 10 11 12 13 14 | 14.1
Polearms       | 3 4 5 6 7 8 9 10 11 | 11.6
Conjurations   | 1 2 3 5 6 7 8 9 10 | 10.9
Fire Magic     | 1 2 3 4 6 |  6.1
Spellcasting   | 1 2 3 4 |  4.3
Shields        | 4 |  4.0
Transmutations | 1 5 7 9 10 11 | 11.8
Fighting       | 5 6 7 8 9 |  9.7
Invocations    | 1 4 6 7 8 |  8.2
Earth Magic    | 3 5 |  5.8

Action                   |  1- 3 |  4- 6 |  7- 9 | 10-12 | 13-15 | 16-18 || total
-------------------------+-------+-------+-------+-------+-------+-------++-------
Melee: Spear             |   125 |   178 |   365 |   227 |  1059 |   124 ||  2078
       Constrict         |    19 |    25 |    44 |    42 |   159 |    11 ||   300
       Tentacles         |     8 |    31 |    73 |    62 |   336 |    34 ||   544
 Fire: Hunting sling     |       |     8 |    14 |       |       |       ||    22
Throw: Stone             |     2 |     7 |     2 |       |     2 |     2 ||    15
 Cast: Foxfire           |       |     7 |   123 |   497 |    22 |       ||   649
       Irradiate         |       |       |       |    55 |   181 |    67 ||   303
       Orb of Destructio |       |       |       |       |       |     1 ||     1
Invok: Channel Magic     |       |       |       |       |     2 |       ||     2
Evoke: Wand              |       |       |    18 |     1 |       |       ||    19
  Use: Potion            |       |     3 |     7 |     1 |     2 |     3 ||    16
       Scroll            |       |     4 |     6 |     6 |    10 |     9 ||    35
 Stab: Sleeping          |    19 |    16 |    21 |     7 |    34 |     1 ||    98
       Distracted        |       |       |     3 |     2 |     9 |       ||    14
Armor: Skin              |     8 |    13 |    12 |     5 |    40 |     8 ||    86
Dodge: Dodged            |    62 |    72 |   191 |   273 |   695 |   145 ||  1438
Block: Buckler           |       |       |    28 |    83 |   215 |    40 ||   366
